[Event "Early-Titled-Tuesday-Blitz-May-28-2024"]
[Site "Chess.com"]
[Date "2024.05.28"]
[Round "5"]
[White "FischerKasparow"]
[Black "madmax011"]
[Result "1-0"]
[WhiteElo "2112"]
[BlackElo "2329"]
[TimeControl "180+1"]
[EndTime "8:56:54 PDT"]
[Termination "FischerKasparow won by checkmate"]

1. e4 c5 2. Nf3 Nc6 3. d4 cxd4 4.
Nxd4 Nf6 5. Nc3 e5 6. Ndb5 a6 7. Nd6+ Bxd6 8. Qxd6 Qe7 9. Qc7 d6 10. Qb6 O-O 11. Bd3 Be6 12. O-O Nd7 13. Qe3 b5 14. Qg3 Kh8 15. Bg5 f6 16. Be3 Nc5 17. Rad1 b4 18.
Nd5 Bxd5 19. exd5 Nb8 20. Bxc5 dxc5 21. d6 Qd7 22. Qf3 Nc6 23. Bf5 Qb7 24. Be4 Rad8 25. Bxc6 Qb6 26. Be4 f5 27. Bd5 e4 28. Qh5 Rxd6 29. Bb3 Rh6 30. Qg5 Qc7 31. h4 f4 32.
Qd5 Rxh4 33. g3 fxg3 34. Qd6 Qc8 35. fxg3 Re8 36. gxh4 Qg4+ 37. Kh2 Qxh4+ 38. Kg2 Qg4+ 39. Qg3 Qe2+ 40. Kh3 Qh5+ 41. Qh4 Qe5 42. Rd7 h6 43. Rff7 e3 44. Qxh6+ gxh6 45. Rh7# 1-0

[Event "Early-Titled-Tuesday-Blitz-May-28-2024"]
[Site "Chess.com"]
[Date "2024.05.28"]
[Round "5"]
[White "kachsona"]
[Black "CarlosAlbornoz"]
[Result "0-1"]
[WhiteElo "2639"]
[BlackElo "2844"]
[TimeControl "180+1"]
[EndTime "8:56:55 PDT"]
[Termination "CarlosAlbornoz won by checkmate"]

1. e4 c6 2. d4 d5 3. e5 Bf5 4. h4 h5 5. Bd3 Bxd3 6. Qxd3 e6 7.
Bg5 Qa5+ 8. Nd2 c5 9. Nf3 c4 10.
Qe3 Nc6 11. O-O Nh6 12. Bxh6 Rxh6 13. b3 c3 14. Nb1 Bb4 15. a3 Rc8 16. Ne1 Ne7 17. Nd3 Nf5 18. Qf4 Be7 19. b4 Qb5 20. Nc1 Rg6 21. g3 Rg4 22. Qf3 Nxd4 23. Qd1 Bxh4 24.
Re1 Bg5 25. Nd3 Bd2 26. Nxd2 cxd2 27. Re3 Nxc2 28. Qxd2 Nxa1 29. Nc5 b6 30. Nb7 Ke7 31.
Nd6 Rc2 32. Qd1 Qc6 33. Re1 Nb3 34. Qf3 f5 35. Qxb3 d4 36. Qd3 Rc3 37. Qa6 Rcxg3+ 38. Kf1 Rg1+ 39. Ke2 Qc2+ 40. Kf3 R4g3+ 41. fxg3 Qg2+ 42. Kf4 Qxg3# 0-1

[Event "Early-Titled-Tuesday-Blitz-May-28-2024"]
[Site "Chess.com"]
[Date "2024.05.28"]
[Round "5"]
[White "GeorgiosSouleidis"]
[Black "mortngabriel"]
[Result "1-0"]
[WhiteElo "2607"]
[BlackElo "2454"]
[TimeControl "180+1"]
[EndTime "8:56:55 PDT"]
[Termination "GeorgiosSouleidis won on time"]

1. e4 c5 2. Be2 Nc6 3. f4 g6 4. d3 Bg7 5. Nf3 e6 6. O-O Nge7 7. c3 O-O 8. Be3 b6 9. d4 cxd4 10.
cxd4 d5 11. e5 Nf5 12. Bf2 a5 13. g4 Nfe7 14. Nc3 Ba6 15. Nb5 Na7 16. a4 Nec6 17. Qd2 Nb4 18. Rfc1 Nxb5 19. axb5 Bc8 20. g5 Bd7 21. Qe1 Rc8 22. Rc3 Nc2 23. Rxc2 Rxc2 24. b3 Qe7 25. Bd3 Rc7 26. Be3 Rfc8 27. Bd2 Qe8 28. Qe2 Bf8 29. h4 Bb4 30. Bxb4 axb4 31. Nh2 Rc1+ 32. Rxc1 Rxc1+ 33. Kf2 Qa8 34. Ng4 Bc8 35.
Nf6+ Kg7 36. h5 Qa1 37. h6+ Kf8 38. Nxh7+ Ke7 39. Nf6 Qxd4+ 40. Qe3 Qb2+ 41. Be2 Rc2 42. h7 d4 43. Qf3 d3 44. Qxd3 Rd2 45. Qe3 Bb7 46.
h8=Q 1-0

[Event "Early-Titled-Tuesday-Blitz-May-28-2024"]
[Site "Chess.com"]
[Date "2024.05.28"]
[Round "5"]
[White "maracayo"]
[Black "lluiss"]
[Result "1/2-1/2"]
[WhiteElo "2382"]
[BlackElo "2177"]
[TimeControl "180+1"]
[EndTime "8:56:56 PDT"]
[Termination "Game drawn - insufficient material"]

1. e4 c5 2. Nf3 d6 3. d4 cxd4 4. Nxd4 Nf6 5. Nc3 g6 6. Be3 Bg7 7. Bc4 O-O 8. Bb3 Nc6 9. f3 Bd7 10. Qd2 Nxd4 11. Bxd4 b5 12. a3 a5 13. Nd5 Nxd5 14.
Bxd5 Bxd4 15. Qxd4 Rc8 16. c3 Qc7 17. h4 Qc5 18. Qxc5 Rxc5 19. Kd2 b4 20. axb4 axb4 21. Ra7 bxc3+ 22. bxc3 e6 23. Rxd7 exd5 24. Rxd6 dxe4 25. fxe4 Ra8 26. Rc1 Ra2+ 27. Rc2 Ra4 28. Kd3 Rh5 29. g3 Re5 30. Rd4 Ra8 31. c4 Rc8 32. Rd5 Re6 33. c5 Kg7 34. Rd6 Kf6 35. Rd7 Re5 36. Rf2+ Ke6 37. Rfxf7 Rexc5 38. Rfe7+ Kf6 39. Rf7+ Ke6 40. Rde7+ Kd6 41. Rxh7 Rc3+ 42. Ke2 Rxg3 43. Rd7+ Ke5 44.
Rhe7+ Kf6 45. Rc7 Rxc7 46. Rxc7 Rg4 47. Kf3 Rxh4 48. Rc6+ Kf7 49. e5 Rb4 50. Rf6+ Kg7 51. Rf4 Rxf4+ 52. Kxf4 Kf7 53. Kg5 Ke6 54. Kxg6 Kxe5 1/2-1/2

[Event "Early-Titled-Tuesday-Blitz-May-28-2024"]
[Site "Chess.com"]
[Date "2024.05.28"]
[Round "5"]
[White "andrew-blr"]
[Black "vladislavkovalev"]
[Result "1-0"]
[WhiteElo "2632"]
[BlackElo "2883"]
[TimeControl "180+1"]
[EndTime "8:56:57 PDT"]
[Termination "andrew-blr won on time"]

1. d4 Nf6 2. c4 e6 3. Nc3 Bb4 4. a3 Bxc3+ 5. bxc3 b6 6. f3 c5 7. e4 Nc6 8. e5 Ng8 9. f4 d6 10. d5 Na5 11. dxe6 Bxe6 12. exd6 Nf6 13. Nf3 O-O 14. Ne5 Ne4 15. Bd3 Nxd6 16. O-O Bf5 17. Be3 Re8 18. Bf2 f6 19. Bxf5 Nxf5 20. Qc2 fxe5 21.
Qxf5 Qf6 22. Qxf6 gxf6 23. Bh4 Nxc4 24. Bxf6 e4 25. f5 Kf7 26. Bg5 Rg8 27. h4 e3 28.
Rf4 Nd2 29. Re1 Rae8 30. Ra4 a5 31. Rxe3 Rxe3 32. Bxe3 Nf3+ 33. Kf2 Ne5 34. Bf4 Rg4 35. Re4 h5 36. g3 Nd3+ 37. Kf3 b5 38. Re6 Nxf4 39.
gxf4 Rxh4 40. Rc6 Rh3+ 41. Ke4 Rxc3 42. Rc7+ Ke8 43. f6 h4 44. Kf5 h3 45. f7+ Kf8 46.
Kf6 1-0

[Event "Early-Titled-Tuesday-Blitz-May-28-2024"]
[Site "Chess.com"]
[Date "2024.05.28"]
[Round "5"]
[White "mostafa_sakha"]
[Black "PonyQueen07"]
[Result "0-1"]
[WhiteElo "2302"]
[BlackElo "2061"]
[TimeControl "180+1"]
[EndTime "8:56:57 PDT"]
[Termination "PonyQueen07 won by resignation"]

1. d4 Nf6 2. c4 e6 3. Nc3 Bb4 4. e3 b6 5. Bd3 Bb7 6. Nf3 d6 7. O-O Bxc3 8. bxc3 Nbd7 9. Nd2 O-O 10. e4 e5 11. f4 h6 12. fxe5 dxe5 13. Qc2 c5 14. d5 Ne8 15. Nf3 Nd6 16. Qf2 f5 17.
exf5 e4 18. Qg3 Qf6 19. Bf4 Nxf5 20. Qh3 exd3 21. Rae1 Rae8 22. g4 Rxe1 23. Nxe1 Ne7 24. Qxd3 g5 25. Bg3 Qxf1+ 26. Qxf1 Rxf1+ 27. Kxf1 Nf6 28. Nf3 Nxg4 29. h3 Ne3+ 30. Kg1 Nxc4 31. d6 Bxf3 32.
dxe7 Bc6 33. Bb8 a6 34. Kf2 Kf7 35. Kg3 Kxe7 36. Bc7 b5 37. Kg4 b4 38. cxb4 cxb4 39.
Kh5 Bg2 40. h4 gxh4 41. Kxh6 h3 42. Kg5 Ke6 43. Bg3 Kd5 44. Kf4 Kd4 45. Bf2+ Kc3 46. Bg1 Kb2 0-1

[Event "Early-Titled-Tuesday-Blitz-May-28-2024"]
[Site "Chess.com"]
[Date "2024.05.28"]
[Round "5"]
[White "LuisFSiles"]
[Black "zsizsi99"]
[Result "1/2-1/2"]
[WhiteElo "2390"]
[BlackElo "2545"]
[TimeControl "180+1"]
[EndTime "8:56:58 PDT"]
[Termination "Game drawn by repetition"]

1. e4 c5 2. Nf3 Nc6 3. c3 Nf6 4. e5 Nd5 5. d4 cxd4 6. cxd4 d6 7.
Bc4 dxe5 8. Bxd5 Qxd5 9. Nc3 Qa5 10. d5 Nb4 11. Nxe5 Bf5 12. O-O Rd8 13. Qf3 Bg6 14.
Rd1 Nc2 15. Nxg6 hxg6 16. Rb1 Nb4 17. a3 Na6 18. b4 Qc7 19. d6 Rxd6 20. Bf4 Rxd1+ 21.
Rxd1 Qc8 22. Nb5 e6 23. Nxa7 Qa8 24. Nb5 Be7 25. Nd4 O-O 26. Be3 Bf6 27. Nb3 Rd8 28. Rxd8+ Qxd8 29. h3 Qd7 30. Nc5 Nxc5 31. Bxc5 Qd5 32.
Qxd5 exd5 33. Kf1 Bb2 34. a4 f6 35. Ke2 Kf7 36. Kd3 Ke6 37. b5 Kd7 38. a5 Kc8 39.
a6 bxa6 40. bxa6 Be5 41. g3 g5 42. g4 g6 43. f3 Kb8 44. Bd4 Ka8 45. Bb6 Kb8 46. a7+ Ka8 47. Bd4 Kb7 48. Bc5 Bb2 49.
Kc2 Be5 50. Kb3 Bc7 51. Bd4 Be5 52. Kc3 Ka8 53. Kd3 Kb7 54. Bc5 Ka8 55. Bd4 1/2-1/2

[Event "Early-Titled-Tuesday-Blitz-May-28-2024"]
[Site "Chess.com"]
[Date "2024.05.28"]
[Round "5"]
[White "DanielDardha2005"]
[Black "KogotBobra17"]
[Result "1-0"]
[WhiteElo "2880"]
[BlackElo "2653"]
[TimeControl "180+1"]
[EndTime "8:56:59 PDT"]
[Termination "DanielDardha2005 won by resignation"]

1. d4 d5 2. c4 e6 3. Nf3 Nf6 4. Nc3 c6 5. e3 Nbd7 6. Qc2 Bd6 7. Be2 O-O 8. O-O dxc4 9. Bxc4 e5 10. Rd1 Qe7 11. e4 exd4 12. Nxd4 Nb6 13. Be2 h6 14. Be3 Ng4 15. Bxg4 Bxg4 16. f3 Be6 17. b3 Rad8 18. Nxe6 Qxe6 19. Ne2 Be5 20.
Rac1 Rfe8 21. Nd4 Bxd4 22. Bxd4 Rd7 23. Rd2 Red8 24. Rcd1 Nc8 25. Be3 b6 26. g4 Ne7 27.
b4 Nd5 28. Qb3 Nc7 29. Qxe6 Rxd2 30. Qxf7+ Kxf7 31. Rxd2 Rxd2 32. Bxd2 Nb5 33. Kf2 Na3 34. Ke2 Nc4 35. Bc3 g5 36. Kd3 Nd6 37. Bd2 b5 38.
Be1 Nc4 39. h4 Ke6 40. hxg5 hxg5 41. Bd2 Ne5+ 42. Ke2 Kf6 43. Bc3 Ke6 44. Bxe5 Kxe5 45. Ke3 a6 46. a3 a5 47. bxa5 c5 48. a6 1-0

[Event "Early-Titled-Tuesday-Blitz-May-28-2024"]
[Site "Chess.com"]
[Date "2024.05.28"]
[Round "5"]
[White "MdChess1734"]
[Black "SoyuzTM4"]
[Result "1-0"]
[WhiteElo "2422"]
[BlackElo "2206"]
[TimeControl "180+1"]
[EndTime "8:56:59 PDT"]
[Termination "MdChess1734 won on time"]

1. e4 c5 2. Nf3 d6 3. d4 cxd4 4. Nxd4 Nf6 5. Nc3 e6 6. Bg5 Nbd7 7. Qd2 Be7 8. O-O-O a6 9. f4 Qc7 10. Kb1 O-O 11. g4 b5 12. Bxf6 Nxf6 13. g5 Nd7 14.
f5 b4 15. Nce2 Ne5 16. f6 gxf6 17. gxf6 Bxf6 18. Rg1+ Kh8 19. Qh6 Qe7 20. Nf4 Bb7 21. Nh5 Ng6 22. h4 Bxe4 23. Rg4 Bb7 24. Nxf6 Qxf6 25.
h5 Bf3 26. hxg6 fxg6 27. Rh4 Rf7 28. Nxf3 Qxf3 29. Rc1 Qxf1 30. Qxg6 Qf5 31. Qh6 Rg8 32. Qd2 d5 33. Qxb4 d4 34. Qxd4+ e5 35. Qc4 Qg5 36. Re4 Qxc1+ 37. Kxc1 Rg1+ 38. Kd2 Rg3 39. Re2 1-0

[Event "Early-Titled-Tuesday-Blitz-May-28-2024"]
[Site "Chess.com"]
[Date "2024.05.28"]
[Round "5"]
[White "ritanovikova"]
[Black "Andrii_Prydun"]
[Result "0-1"]
[WhiteElo "2164"]
[BlackElo "2395"]
[TimeControl "180+1"]
[EndTime "8:56:59 PDT"]
[Termination "Andrii_Prydun won on time"]

1. d4 d5 2. Bf4 Bf5 3. e3 e6 4. c4 Nf6 5. Qb3 Qc8 6. Nc3 dxc4 7. Bxc4 Nbd7 8. Rc1 a6 9. Nf3 Be7 10. Nh4 Bg4 11.
h3 Bh5 12. Be2 Bxe2 13. Nxe2 Nd5 14. Bg3 Qd8 15. Nf3 f5 16. O-O Ra7 17. Nc3 N7f6 18.
Ne5 O-O 19. Bh4 c6 20. Nxd5 exd5 21. Qd3 Ne4 22. Bxe7 Qxe7 23. f3 Nd6 24. b4 Raa8 25.
a4 Rae8 26. Rfe1 Nf7 27. Nxf7 Rxf7 28. b5 axb5 29. axb5 Rf6 30. bxc6 bxc6 31. Kf2 Qd7 32. Rc5 h5 33. g3 h4 34. Rg1 hxg3+ 35. Rxg3 f4 36.
exf4 Rxf4 37. Qg6 Ref8 38. Rxc6 Rxd4 39. Rd6 Qe7 40. Re6 Qc7 41. Rc6 Qa7 42. Ra6 Rd2+ 0-1

[Event "Early-Titled-Tuesday-Blitz-May-28-2024"]
[Site "Chess.com"]
[Date "2024.05.28"]
[Round "5"]
[White "Grischuk"]
[Black "1stSecond"]
[Result "1/2-1/2"]
[WhiteElo "3115"]
[BlackElo "2922"]
[TimeControl "180+1"]
[EndTime "8:57:00 PDT"]
[Termination "Game drawn by agreement"]

1. d4 Nf6 2. c4 e6 3. Bg5 d5 4. e3 h6 5. Bh4 Be7 6. Nc3 O-O 7. Qc2 a6 8. Rd1 Nbd7 9. Nf3 dxc4 10. a4 c5 11.
Bxc4 cxd4 12. exd4 Nb6 13. Ba2 Nbd5 14. Bb1 Nb4 15. Qe2 Bd7 16. O-O Rc8 17. Ne5 Nfd5 18. Nxd5 Nxd5 19. Qd3 f5 20. Bxe7 Nxe7 21. Ba2 Kh7 22.
Qa3 Rf6 23. d5 exd5 24. Bxd5 Rc7 25. Bf3 Re6 26. Rfe1 Qe8 27. Nxd7 Rxe1+ 28. Rxe1 Qxd7 29. h4 Ng6 30. h5 Nh4 31. g3 Qd2 32. Rf1 Nxf3+ 33.
Qxf3 Qg5 34. Rd1 Qg4 35. Qxg4 fxg4 36. Rd4 Rc5 37. Rxg4 Rxh5 38. Rb4 b5 39. a5 Rc5 40. Rd4 b4 41. Rxb4 Rxa5 42. Rb6 Ra1+ 43. Kg2 a5 44. b4 axb4 45. Rxb4 Ra7 46. Rc4 Rf7 47. Rc3 Ra7 48. Rd3 Rb7 49. Re3 Ra7 50. Rf3 1/2-1/2

[Event "Early-Titled-Tuesday-Blitz-May-28-2024"]
[Site "Chess.com"]
[Date "2024.05.28"]
[Round "5"]
[White "artin10862"]
[Black "yobdc"]
[Result "0-1"]
[WhiteElo "3058"]
[BlackElo "2528"]
[TimeControl "180+1"]
[EndTime "8:57:01 PDT"]
[Termination "yobdc won by resignation"]

1. e4 c5 2. Nf3 Nf6 3. e5 Nd5 4. Nc3 Nxc3 5. dxc3 Nc6 6. Bf4 Qb6 7. b3 Qc7 8. Qd2 e6 9. h4 h6 10. O-O-O a6 11.
h5 b5 12. g4 c4 13. Bg2 Rb8 14. Bg3 b4 15. g5 Qa5 16. Qf4 bxc3 17. a4 Qxa4 18.
Qxf7+ Kxf7 19. Rxd7+ Bxd7 20. bxa4 Ba3+ 21. Kd1 Rb1+ 22.
Ke2 Rxh1 23. g6+ Ke8 24. Bxh1 Bc5 25. Bh4 Nd4+ 26. Nxd4 Bxd4 27. f4 Bxa4 28. Bb7 Rf8 29. Bg3 Bb5 30. Bc8 Bd7 31. Bxa6 Rf5 32. Bxc4 Rxh5 33. Kf3 Rh3 34. Kg2 Rh5 35. Be2 Bc6+ 36. Bf3 Bxf3+ 37. Kxf3 Rf5 38. Ke4 Bg1 39. Be1 h5 40. Bxc3 h4 41. Kf3 Bh2 42. Bd2 Bg3 43.
Kg4 Kd7 44. Be3 Kc6 45. c4 Be1 46. Bc1 Bf2 47. Kf3 Be1 48. Kg4 Kc5 49. Ba3+ Kxc4 50. Bf8 Rxf8 0-1

[Event "Early-Titled-Tuesday-Blitz-May-28-2024"]
[Site "Chess.com"]
[Date "2024.05.28"]
[Round "5"]
[White "KononenkoD"]
[Black "kleinebeer98"]
[Result "0-1"]
[WhiteElo "2597"]
[BlackElo "2964"]
[TimeControl "180+1"]
[EndTime "8:57:02 PDT"]
[Termination "kleinebeer98 won by checkmate"]

1. d4 d5 2. c4 Nc6 3. cxd5 Qxd5 4. e3 e5 5. Nc3 Bb4 6. Bd2 Bxc3 7. bxc3 Qd6 8. Nf3 Nge7 9. Bb5 O-O 10. h3 a6 11. Ba4 e4 12. Ng1 Qg6 13. g3 Na5 14. Bb3 Be6 15. Ne2 Bc4 16. O-O Nd5 17. Re1 b5 18.
Nf4 Qc6 19. Nxd5 Qxd5 20. Rb1 f5 21. Bc1 Rf6 22. Kg2 Re8 23. Ba3 Rh6 24. Bb4 Nxb3 25. axb3 Bd3 26. Rc1 Ree6 27. c4 bxc4 28. bxc4 Bxc4 29.
Qc2 Rc6 30. Bc5 Bd3 31. Qd1 f4 32. exf4 e3+ 33. f3 Bf5 34. Rxe3 Bxh3+ 35. Kf2 Bd7 36.
Qb3 Rh2+ 37. Kg1 Qxb3 38. Rxb3 Rch6 39. Rb8+ Kf7 40. Rf8+ Ke6 41. Re1+ Kd5 42. Re5+ Kc4 43. Rf7 Kd3 44. g4 Bc6 45. d5 Bb5 46. Rxc7 Kd2 47. Bf2 Rh1+ 48. Kg2 Bf1+ 49. Kg3 R6h3# 0-1

[Event "Early-Titled-Tuesday-Blitz-May-28-2024"]
[Site "Chess.com"]
[Date "2024.05.28"]
[Round "5"]
[White "briesmas"]
[Black "VirtualCoach"]
[Result "1-0"]
[WhiteElo "2408"]
[BlackElo "2191"]
[TimeControl "180+1"]
[EndTime "8:57:03 PDT"]
[Termination "briesmas won by resignation"]

1. e4 c5 2. Nf3 d6 3. d4 cxd4 4.
Nxd4 Nf6 5. Nc3 a6 6. Be3 e5 7. Nb3 Be6 8. f3 Nbd7 9. Qd2 h5 10. O-O-O Qc7 11. Bd3 Be7 12. h3 h4 13. Rhe1 Nh5 14. Nd5 Bxd5 15. exd5 b5 16. Na5 Nhf6 17. Be4 Rc8 18.
Nc6 Nb6 19. Bxb6 Qxb6 20. Kb1 Qc7 21. b3 Qd7 22. Qd3 Rh5 23. f4 Nxe4 24. Qxe4 Bf6 25. Qf3 Rf5 26. Qg4 Kf8 27. fxe5 dxe5 28. Nxe5 Bxe5 29.
Rxe5 g6 30. Rxf5 Qxf5 31. Qxf5 gxf5 32. Rd4 Rc5 33. c4 Ke7 34. Rxh4 bxc4 35. bxc4 Kd6 36. Kc2 Ke5 37. Kc3 a5 38. Rh8 f6 39. g3 Rc7 40.
Re8+ Kd6 41. Kd4 Rg7 42. c5+ Kd7 43. Re3 Rxg3 44. c6+ Kd6 45. Rxg3 f4 46. Rf3 1-0

[Event "Early-Titled-Tuesday-Blitz-May-28-2024"]
[Site "Chess.com"]
[Date "2024.05.28"]
[Round "5"]
[White "KorolDimitriy75"]
[Black "martinmena"]
[Result "0-1"]
[WhiteElo "2361"]
[BlackElo "2144"]
[TimeControl "180+1"]
[EndTime "8:57:03 PDT"]
[Termination "martinmena won on time"]

1. d4 d5 2. c4 e6 3. Nc3 Nf6 4. Bg5 Be7 5. cxd5 exd5 6. e3 Nbd7 7. Bd3 O-O 8. Qc2 c6 9. Nge2 Re8 10. f3 Nf8 11.
O-O g6 12. Rad1 b6 13. h3 Bb7 14. e4 Ne6 15. Be3 c5 16. Bb5 Rf8 17. dxc5 Bxc5 18. Bxc5 Nxc5 19. exd5 a6 20. Bc4 b5 21. Bb3 Qb6 22. Kh1 a5 23. a3 b4 24. axb4 axb4 25.
Ne4 Nfd7 26. N2g3 Rac8 27. Bc4 Nxe4 28. Nxe4 Ba6 29. b3 Ne5 30. d6 Nxc4 31. bxc4 Rxc4 32.
Qd2 Rd8 33. Qh6 Rxe4 34. fxe4 Rxd6 35. Rxd6 Qxd6 36. Re1 Qe5 37. Qe3 Kg7 38. Qb6 Qc3 39. Re3 Qc4 40. Kh2 Qf1 41. Qxb4 Qf4+ 42. Rg3 Bf1 43.
Qc3+ Qf6 44. Qe3 Qe5 45. h4 Bc4 0-1

[Event "Early-Titled-Tuesday-Blitz-May-28-2024"]
[Site "Chess.com"]
[Date "2024.05.28"]
[Round "5"]
[White "mishanick"]
[Black "Zhigalko_Sergei"]
[Result "0-1"]
[WhiteElo "3041"]
[BlackElo "2901"]
[TimeControl "180+1"]
[EndTime "8:57:04 PDT"]
[Termination "Zhigalko_Sergei won by resignation"]

1. d4 Nf6 2. c4 e6 3. Nc3 Bb4 4. e3 O-O 5. Bd3 d5 6. Nf3 b6 7. O-O Bb7 8. cxd5 exd5 9. Bd2 Nbd7 10. Rc1 a6 11. Ne5 Nxe5 12. dxe5 Bxc3 13. Bxc3 Ne4 14.
Bxe4 dxe4 15. Qg4 Qe7 16. Rcd1 Rad8 17. a3 Qe6 18. Qg5 Rd3 19. Rxd3 exd3 20. f4 h6 21. Qg3 Qf5 22. h3 c5 23. Kh2 Rd8 24. Qh4 Rd7 25.
Qf2 b5 26. g4 Qe4 27. f5 a5 28. b4 cxb4 29. axb4 d2 30. Rd1 axb4 31. Bd4 Rc7 32. Rxd2 b3 33. e6 fxe6 34. f6 e5 35. Bb2 Rf7 36.
Rd6 Rxf6 37. Rxf6 gxf6 38. Kg3 Kf7 39. Qd2 Kg6 40. Kh4 Qf3 41. Qe1 Be4 42. Bc3 Bd3 43. Qd2 Bf1 44. Qh2 Qxe3 45. Bd2 Qxh3+ 46. Qxh3 Bxh3 47.
Bc3 Bf1 48. Kg3 Bd3 49. Bb2 h5 50. gxh5+ Kxh5 51. Kf3 Kg6 52. Ke3 Bc2 0-1

[Event "Early-Titled-Tuesday-Blitz-May-28-2024"]
[Site "Chess.com"]
[Date "2024.05.28"]
[Round "5"]
[White "Viktoker"]
[Black "Connectedcloud"]
[Result "0-1"]
[WhiteElo "2383"]
[BlackElo "2206"]
[TimeControl "180+1"]
[EndTime "8:57:04 PDT"]
[Termination "Connectedcloud won on time"]

1. d4 Nf6 2. Bf4 d5 3. e3 c5 4.
Nf3 Nc6 5. c3 Qb6 6. Qb3 c4 7.
Qc2 Bf5 8. Qc1 e6 9. Nbd2 Be7 10. Nh4 Bg6 11. Nxg6 hxg6 12. Be2 O-O 13. O-O Rfc8 14. Re1 Qd8 15. h3 b5 16. Bf3 Bd6 17. Bxd6 Qxd6 18. e4 dxe4 19. Nxe4 Nxe4 20. Bxe4 Re8 21. Qg5 a6 22. Rad1 Rad8 23. Bf3 Ne7 24. h4 Nd5 25. g3 Nf6 26. a3 Nh7 27. Qe3 Nf6 28.
Kg2 Nd5 29. Qg5 Nf6 30. Rh1 Nh7 31. Qe3 Nf6 32. h5 gxh5 33. Qg5 Qd7 34. Rde1 Qe7 35. Bxh5 Nd5 36. Qd2 Qf6 37. Bf3 g6 38. Qh6 Qg7 39. Qh4 Ne7 40. g4 Nd5 41. Qg3 g5 42. Rh5 Nf4+ 43. Kg1 Nxh5 44. gxh5 Qh6 45. Re5 f6 46.
Rc5 Re7 47. d5 exd5 48. Bxd5+ Kh8 49. Qf3 g4 50. Qf5 Re5 51. Qxg4 Rg5 0-1

[Event "Early-Titled-Tuesday-Blitz-May-28-2024"]
[Site "Chess.com"]
[Date "2024.05.28"]
[Round "5"]
[White "campochess"]
[Black "Pasmendjambvirgulptipon98"]
[Result "0-1"]
[WhiteElo "2120"]
[BlackElo "2362"]
[TimeControl "180+1"]
[EndTime "8:57:04 PDT"]
[Termination "Pasmendjambvirgulptipon98 won by resignation"]

1. Nc3 c5 2. e4 Nc6 3. Bc4 e6 4. d3 Nf6 5. Bg5 Be7 6. Nf3 d6 7.
a3 O-O 8. O-O h6 9. Bd2 a6 10. Ba2 b5 11. Re1 Qc7 12. Rc1 Ne5 13. Bf4 Bb7 14. Nxe5 dxe5 15. Bg3 g6 16. Qd2 Kg7 17. f4 Nh5 18. f5 Nxg3 19. hxg3 Bg5 20.
Qe2 Bxc1 21. Rxc1 exf5 22. exf5 Qd6 23. Kh2 gxf5 24. Rf1 Qf6 25. Ne4 Bxe4 26. dxe4 f4 27. Qg4+ Qg5 28. Qxg5+ hxg5 29. Kh3 Kg6 30. Kg4 Rh8 31.
Rd1 Rad8 32. Bd5 fxg3 33. Kxg3 f6 34. Rf1 c4 35. c3 Rh4 36. Rf3 Kg7 37. Kf2 Rf4 38.
Ke3 Rxf3+ 39. Kxf3 Kg6 40. Ke3 f5 41. exf5+ Kxf5 42. Bb7 Rd6 43. Bc8+ Kf6 44. Bb7 Rd3+ 45. Ke2 Rg3 46. Kf2 Rd3 47. Ke2 Rd6 48. g3 g4 49.
Bc8 Kg5 50. Bb7 a5 51. Be4 Rb6 52. Ke3 b4 53. axb4 axb4 54. Bd5 bxc3 55. bxc3 Rb3 56. Kd2 Rb1 57. Ke3 Rg1 58. Kf2 Rc1 59. Ke3 Rxc3+ 60. Ke4 Rxg3 61. Bxc4 Rg1 62. Kxe5 Re1+ 63. Kd4 g3 64.
Kd3 g2 65. Kd2 g1=Q 0-1

[Event "Early-Titled-Tuesday-Blitz-May-28-2024"]
[Site "Chess.com"]
[Date "2024.05.28"]
[Round "5"]
[White "lefonghua"]
[Black "RamonManon0g"]
[Result "0-1"]
[WhiteElo "2563"]
[BlackElo "2447"]
[TimeControl "180+1"]
[EndTime "8:57:06 PDT"]
[Termination "RamonManon0g won by checkmate"]

1. e4 c5 2. b4 cxb4 3. a3 d5 4. exd5 Qxd5 5. Nf3 bxa3 6. Nc3 Qd8 7. Bxa3 Nf6 8. Bc4 e6 9. Bxf8 Kxf8 10. O-O g6 11.
Qe2 Kg7 12. d4 Nc6 13. Rad1 Nd5 14. Ne4 f5 15. Neg5 Nc3 16. Nxe6+ Bxe6 17. Qxe6 Nxd1 18. Qf7+ Kh6 19. Rxd1 Qe7 20. Ne5 Rhf8 21. Qxe7 Nxe7 22. d5 a5 23. Rb1 Ra7 24. d6 Nc6 25. Nxc6 bxc6 26. Rb6 a4 27. Rxc6 a3 28. Ba2 Rb8 29. h4 Rb2 30. Bg8 a2 31. Bxa2 Rbxa2 32. c4 Kg7 33.
Rc8 Rd7 34. c5 Rc2 35. g3 Kf6 36. Rc6 Ke6 37. Kg2 Kd5 38. Rc8 Rxd6 39. Rh8 Rd7 40. h5 Rxc5 41. h6 Re7 42. Rg8 Rcc7 43. Kf3 Ke5 44. Ke3 Kf6+ 45. Kf4 Rc4+ 46. Kf3 Kg5 47. Kg2 Kxh6 48. Kh3 Re2 49. Ra8 Rxf2 50. g4 Rf3+ 51. Kg2 fxg4 52. Ra2 Rcc3 53. Kh2 Rh3+ 54. Kg2 Rcg3+ 55.
Kf2 g5 56. Ra6+ Kh5 57. Ra7 h6 58. Ra6 Rf3+ 59. Kg2 Ra3 60. Rf6 Ra2+ 61. Kg1 Rb3 62. Rf1 Rbb2 63. Rc1 Rc2 64. Rb1 g3 65. Rd1 Kh4 66.
Rd4+ g4 67. Rd1 Kh3 68. Rb1 Rg2+ 69. Kh1 Rh2+ 70. Kg1 Rag2+ 71. Kf1 Rh1# 0-1

[Event "Early-Titled-Tuesday-Blitz-May-28-2024"]
[Site "Chess.com"]
[Date "2024.05.28"]
[Round "5"]
[White "Chessmissile07"]
[Black "RobertJFischer71"]
[Result "0-1"]
[WhiteElo "2830"]
[BlackElo "2656"]
[TimeControl "180+1"]
[EndTime "8:57:09 PDT"]
[Termination "RobertJFischer71 won by resignation"]

1. a3 d5 2. d4 Nf6 3. Nf3 Bf5 4. e3 e6 5. Bd3 Bg6 6. c4 c6 7. Nc3 Nbd7 8. O-O Bd6 9. Qe2 Bxd3 10. Qxd3 dxc4 11. Qxc4 e5 12. Rd1 Qe7 13. dxe5 Nxe5 14. Qe2 O-O 15. e4 Rad8 16. Bg5 h6 17. Bh4 Ng6 18. Bg3 Bxg3 19. hxg3 Rxd1+ 20. Rxd1 Re8 21. Nd4 Nxe4 22. Nf5 Qe5 23. Nxe4 Qxe4 24. Qxe4 Rxe4 25.
Rd8+ Nf8 26. Rb8 Re5 27. g4 g6 28. Nd6 Rd5 29. Nc8 Rb5 30. b4 a5 31. Nd6 Rd5 32. Nxb7 axb4 33. a4 b3 34. Nd8 b2 35. Kh2 Rxd8 36. Rxb2 Ra8 37. Ra2 Ra5 38. f3 Ne6 39. Kg3 Kg7 40. Kf2 Nc5 41. Rc2 Nxa4 42. Rxc6 Nc5 43.
Rc7 Ne6 44. Rc8 g5 45. Rb8 Ra2+ 46. Kg1 Nf4 47. g3 Rg2+ 48. Kf1 Rxg3 49. Kf2 Rg2+ 50. Ke3 Re2+ 51. Kd4 Re6 52. Rb7 Ng6 53. Ra7 Rf6 54. Ke3 Ne5 0-1

[Event "Early-Titled-Tuesday-Blitz-May-28-2024"]
[Site "Chess.com"]
[Date "2024.05.28"]
[Round "5"]
[White "Statham_01"]
[Black "Bob_2004"]
[Result "0-1"]
[WhiteElo "2717"]
[BlackElo "2521"]
[TimeControl "180+1"]
[EndTime "8:57:10 PDT"]
[Termination "Bob_2004 won by checkmate"]

1. e4 c5 2. a3 d5 3. exd5 Qxd5 4. Nc3 Qe6+ 5. Be2 Nc6 6. Nf3 g6 7. Nb5 Qd7 8. O-O Bg7 9. d4 a6 10. d5 axb5 11. Bxb5 Nf6 12. dxc6 bxc6 13. Ne5 Qxd1 14. Bxc6+ Qd7 15. Nxd7 Nxd7 16. Bxa8 Kd8 17. c3 Kc7 18.
Re1 e6 19. Bf4+ e5 20. Be3 f5 21. f3 Nb6 22. Bf4 Re8 23. b4 Nxa8 24. bxc5 Kc6 25. Be3 Nc7 26. c4 Ne6 27. Rab1 Nxc5 28. Rb5 Bf8 29.
Reb1 Rd8 30. Rb6+ Kc7 31. R6b5 Na4 32. Ra5 Rd3 33. Bf2 Nc3 34. Re1 e4 35. fxe4 Nxe4 36. Re5 Bd6 37. Re8 Bxa3 38. Rh8 h5 39. Be3 Rxe3 40.
Rh7+ Kd6 41. Rxe3 Bc5 42. Rg7 Bxe3+ 43. Kf1 g5 44. Rg6+ Ke5 45. Rc6 Be6 46. g3 Bxc4+ 47. Rxc4 Nd2+ 48. Ke2 Nxc4 49. h4 gxh4 50. gxh4 Kf4 51.
Kf1 Kf3 52. Ke1 Bf2+ 53. Kf1 Ne3# 0-1

[Event "Early-Titled-Tuesday-Blitz-May-28-2024"]
[Site "Chess.com"]
[Date "2024.05.28"]
[Round "5"]
[White "David_ATM"]
[Black "DrCeltic"]
[Result "1-0"]
[WhiteElo "2451"]
[BlackElo "2578"]
[TimeControl "180+1"]
[EndTime "8:57:10 PDT"]
[Termination "David_ATM won on time"]

1. e4 c5 2. c3 Nf6 3. e5 Nd5 4. d4 e6 5. Nf3 cxd4 6. cxd4 d6 7. Bc4 Nc6 8. O-O Nb6 9. Bd3 Bd7 10. Qe2 a6 11. Nc3 d5 12. Bg5 Be7 13. Bxe7 Qxe7 14. Rac1 Rc8 15. Bb1 Na5 16. b3 O-O 17. h3 Nc6 18.
Qd3 g6 19. Nh2 Nb4 20. Qd2 f5 21. exf6 Qxf6 22. Ng4 Qe7 23. Rfe1 Nc6 24. a4 Qg7 25. Ne5 Nxe5 26. Rxe5 Rf6 27. Rce1 Rcf8 28. f3 Nc8 29.
Nd1 Nd6 30. Nf2 Rf4 31. Qb4 Nf5 32. Bxf5 R4xf5 33. Qxb7 a5 34. Nd3 Bc8 35. Qxg7+ Kxg7 36. Nc5 Rxe5 37. Rxe5 Kf6 38. f4 h6 39. h4 Rg8 40. g3 Rg7 41. Kf2 Rc7 42. Ke3 Rc6 43. Kd3 Rb6 44. Kc3 Rb4 45. h5 g5 46. fxg5+ hxg5 47. h6 Kg6 48. Rxg5+ Kxh6 49. Re5 Rb6 50. Kd3 Kg6 51. Ke3 Kf6 52. g4 Ba6 53. Kf4 Bf1 54. Re1 Ba6 55. Nd7+ 1-0